 Dungeon Crawl Stone Soup version 0.30-a0-50-gb2d611f6b1 (webtiles) character file.

Game seed: 15487245220359149330

91 Bikalo the Poker (level 4, 0/40 HPs)
             Began as a Hill Orc Monk on Sept 5, 2022.
             Slain by a gnoll
             ... wielding a +0 halberd
              (5 damage)
             ... on level 2 of the Dungeon.
             The game lasted 00:05:13 (2330 turns).

Bikalo the Poker (Hill Orc Monk)                    Turns: 2330, Time: 00:05:14

Health: 0/40       AC:  7    Str: 13 (15) XL:     4   Next: 59%
Magic:  4/4        EV:  9    Int:  8 (10) God:
Gold:   108        SH:  0    Dex: 11 (13) Spells: 3/3 levels left

rFire   . . .      SeeInvis .    a - +1 spear (flame)
rCold   . . .      Faith    .    (no shield)
rNeg    . . .      Spirit   .    j - +1 scale mail
rPois   .          Reflect  .    (no helmet)
rElec   .          Harm     .    (no cloak)
rCorr   .          Rampage  .    (no gloves)
Will    .....                    (no boots)
Stlth   ..........               (no amulet)
HPRegen 0.13/turn                (no ring)
MPRegen 0.09/turn                (no ring)

@: no status effects
A: no striking features
a: no special abilities


You were on level 2 of the Dungeon.
You visited 1 branch of the dungeon, and saw 3 of its levels.

You collected 108 gold pieces.

Inventory:

Hand Weapons
 a - a +1 spear of flaming (weapon)
Armour
 b - a +0 robe
 j - a +1 scale mail (worn)
 m - the +3 robe "Myomus" {rCorr Dex+5}
   (You found it on level 2 of the Dungeon)

   Dex:       It affects your dexterity (+5).
   rCorr:     It protects you from acid and corrosion.
Jewellery
 k - an amulet of magic regeneration
 l - a ring of fire
Scrolls
 d - a scroll of enchant armour
 e - a scroll of identify
 n - a scroll of butterflies
Potions
 g - a potion of attraction
 i - a potion of degeneration
 q - a potion of haste


   Skills:
 + Level 4.2 Fighting
 * Level 4.3 Polearms
 + Level 1.8 Armour
 + Level 2.9 Dodging
 - Level 1.5 Stealth


You had 3 spell levels left.
You didn't know any spells.
Your spell library contained the following spells:

 Spells                   Type           Power      Damage    Failure   Level
 Necrotise                Necr           0%         1d4       90%         1
 Ensorcelled Hibernation  Hex/Ice        0%         N/A       97%         2
 Ignite Poison            Fire/Tmut/Pois 0%         N/A       99%         3
 Mephitic Cloud           Conj/Pois/Air  0%         N/A       99%         3
 Spider Form              Tmut/Pois      0%         N/A       99%         3
 Vampiric Draining        Necr           0%         2d6       99%         3
 Anguish                  Hex/Necr       0%         N/A       100%        4
 Agony                    Necr           0%         N/A       100%        5
 Freezing Cloud           Conj/Ice/Air   0%         6-21      100%        5
 Enfeeble                 Hex            0%         N/A       100%        7


Dungeon Overview and Level Annotations

Branches:
Dungeon (3/15)

Altars:


Message History

Your magical effects are unravelling.
You feel magically purged.
You feel yourself slow down.
You feel a little less clever now.
Your resistance to elements expires.
The gnoll hits you with a +0 halberd.
* * * LOW HITPOINT WARNING * * *
You feel less attractive to monsters.
As you read the scroll labelled FUNKOY PEN YSOCS, it crumbles to dust.
It is a scroll of enchant armour.
Your +0 scale mail glows green for a moment.
The gnoll hits you but does no damage.
As you read the scroll labelled APOITA VIOM, it crumbles to dust.
It is a scroll of identify.
n - a scroll of butterflies The gnoll hits you with a +0 halberd.
* * * LOW HITPOINT WARNING * * *
As you read the scroll labelled WIMORISUSU, it crumbles to dust.
It is a scroll of brand weapon.
Your +0 spear is engulfed in flames!
a - a +0 spear of flaming (weapon)
The gnoll closely misses you.
As you read the scroll labelled CUV AJERGHIPLOROSIT, it crumbles to dust.
It is a scroll of amnesia.
You feel forgetful for a moment. The gnoll barely misses you.
As you read the scroll labelled VELOSE YBOLIU, it crumbles to dust.
It is a scroll of enchant weapon.
Your +0 spear of flaming glows red for a moment.
The gnoll barely misses you.
You are too injured to fight recklessly!
You are too injured to fight recklessly!
You barely miss the gnoll.
The gnoll is moderately wounded.
The gnoll barely misses you.
You hit the gnoll. You burn the gnoll.
The gnoll is severely wounded.
The gnoll barely misses you.
You hit the gnoll but do no damage.
The gnoll is severely wounded.
The gnoll hits you with a +0 halberd.
You die...

###########.#
..........#.#
#..######.#.# #######
#..######†#.# #.....#
..........#.# #.....#
#..########.###.....#
#..# #..............#
#..# ######.........#
#..###.........g@...#
.....÷.........>....#
...###....♣♣♣♣......#
##+###...♣♣..♣♣.....#
........♣♣.._.♣.....#
.......♣♣....♣♣.....##
......♣♣...♣♣♣.......#
....#♣♣...♣♣.........#
....♣♣)..♣♣..........#


You could see a gnoll.

Vanquished Creatures
  3 adders (D:2)
  A worm (D:2)
  A dart slug (D:2)
  4 ball pythons
  5 endoplasms
  4 giant cockroaches
  7 goblins
  7 hobgoblins
  3 jackals (D:2)
  3 quokkas (D:2)
  5 bats
  3 frilled lizards
  5 kobolds
  4 rats
55 creatures vanquished.

Notes
Turn   | Place    | Note
-------+----------+-------------------------------------------
     0 | D:1      | Bikalo the Hill Orc Monk began the quest for the Orb.
     0 | D:1      | Reached XP level 1. HP: 19/19 MP: 1/1
   167 | D:1      | Reached XP level 2. HP: 22/27 MP: 2/2
   597 | D:1      | Reached skill level 1 in Armour
   601 | D:1      | Reached XP level 3. HP: 25/33 MP: 3/3
  1208 | D:2      | Identified the +3 robe "Myomus" {rCorr Dex+5}
  1395 | D:2      | Reached XP level 4. HP: 40/40 MP: 4/4
  1748 | D:2      | Found a faded altar of an unknown god.
  1761 | D:2      | Found a faded altar of an unknown god.
  2330 | D:2      | Slain by a gnoll

Illustrated notes

Levels and vault maps discovered:
D:1:      dpeg_arrival_arbitrary_b, layout_rooms, minmay_pentomino_r4
D:2:      layout_basic, hellmonk_ecumenical_altar_the_god_not_taken,
          minmay_misc_feat_iff, kennysheep_pointless_box
D:3:      layout_loops_ring, grunt_qazlal_sundering,
          mainiacjoe_overflow_six_doors_small, old_standard_altar,
          nicolae_uskayaw_dance_hall, minmay_gold_behind_fungi, uniq_ijyb,
          uniq_jessica, uniq_terence

Skill      XL: |  1  2  3 |
---------------+----------+-----
Armour         | 1 |  1.8
Fighting       | 4 |  4.2
Polearms       | 4 |  4.3
Dodging        | |  2.9
Stealth        | |  1.5

Action                   |  1- 3 |  4- 6 || total
-------------------------+-------+-------++-------
Melee: Spear             |   163 |   101 ||   264
       Punch             |     1 |       ||     1
  Use: Potion            |       |     7 ||     7
       Scroll            |       |     5 ||     5
Armor: Robe              |    10 |       ||    10
       Scale mail        |    43 |    36 ||    79
Dodge: Dodged            |    58 |    49 ||   107

Table legend: (Time is in decaauts)
 A = Elapsed time spent in this place.
 B = Non-inter-level travel time spent in this place.
 C = Inter-level travel time spent in this place.
 D = Time resting spent in this place.
 E = Time spent auto-exploring this place.
 F = Levels seen in this place.
 G = Mean time per level.
                   A        B        C        D        E       F      G
               +--------+--------+--------+--------+--------+-----+--------+
         Total |   2303 |   2252 |     51 |    125 |   1688 |   3 |  767.7 |
       Dungeon |   2303 |   2252 |     51 |    125 |   1688 |   3 |  767.7 |
               +--------+--------+--------+--------+--------+-----+--------+

Top non-repeatable levels by time:
     D:2: 1363 daAuts
     D:1: 927 daAuts
     D:3: 12 daAuts
